cohdb
Replays
Latest Replays
All Replays
Popular Replays
Top Player Replays
Match Explorer
How It Works
Community
CoH3 Stats
Reddit
Sign in to upload your games and track your stats! →
Sign in with Steam
Match 44727847
Unlisted
Match 44727847
Overview
Messages
Build Orders
End
Royal Engineer Section
Construct Section Command Post
Infantry Section
Infantry Section
Royal Engineer Section
Infantry Section
Royal Engineer Section
Selects Heavy Armor Battlegroup
Selects Engineer Detachments
Construct Field Infirmary
Royal Engineer Section
Construct Platoon Command Post
Infantry Training
Construct Company Command Post
Foot Guards Section
Selects Forward Repair Assembly
Matilda II Heavy Tank
Matilda II Heavy Tank
Armored Vehicle Training
Royal Engineer Section
Matilda II Heavy Tank
Foot Guards Section
Selects Churchill Black Prince Heavy Tank
Foot Guards Section
Selects Light Vehicle Withdraw and Refit
Selects Radio Net
AI Takeover
Shinshigumi
Manitou
0
0
Comments
sign in to comment!
No comments posted yet!